 Dungeon Crawl Stone Soup version 0.24.1-14-gf8d2b509d9 (webtiles) character file.

Game seed: 566503180413416765, levelgen mode: deterministic

3011 Peloso the Carver (level 9, 0/68 HPs)
             Began as a Vampire Fighter on May 27, 2020.
             Slain by a hornet (11 damage)
             ... on level 8 of the Dungeon.
             The game lasted 00:17:36 (5952 turns).

Peloso the Carver (Vampire Fighter)                 Turns: 5952, Time: 00:17:37

Health: 0/68       AC: 12    Str: 26    XL:     9   Next: 55%
Magic:  9/9        EV: 11    Int: 16    God:
Gold:   445        SH: 11    Dex: 13    Spells: 8/8 levels left

rFire    . . .     SeeInvis +   a - +0 long sword
rCold    . . .     Gourm    .   c - +0 shield
rNeg     . . .     Faith    .   p - +1 scale mail {MR+}
rPois    .         Spirit   .   (no helmet)
rElec    .         Reflect  .   v - scarf {cloud immunity}
rCorr    .         Harm     .   i - +0 pair of gloves
MR       +....                  u - +2 pair of boots
Stlth    ++........             e - amulet of regeneration
HPRegen  0.81/turn              y - ring of Exhibitionism {+Inv Str+3 Int+5 Stlth+}
MPRegen  0.11/turn              H - ring of see invisible

@: mighty, regenerating quickly
A: no food, fangs 3, see invisible, unbreathing
a: Exsanguinate, Evoke Invisibility


You were on level 8 of the Dungeon.
You were alive.

You visited 2 branches of the dungeon, and saw 10 of its levels.

You collected 445 gold pieces.

Inventory:

Hand Weapons
 a - a +0 long sword (weapon)
 b - a +2 trident of flaming
Armour
 c - a +0 shield (worn)
 i - a +0 pair of gloves (worn)
 p - a +1 scale mail of magic resistance (worn)
 s - a +0 plate armour
 u - a +2 pair of boots (worn)
 v - a scarf of cloud immunity (worn)
Jewellery
 e - an amulet of regeneration (around neck)
 y - the ring of Exhibitionism (left hand) {+Inv Str+3 Int+5 Stlth+}
   (You found it on level 7 of the Dungeon)

   [ring of strength]

   It affects your strength (+3).
   It affects your intelligence (+5).
   It lets you turn invisible.
   It makes you more stealthy.
 H - a ring of see invisible (right hand)
Wands
 n - a wand of paralysis (5)
 r - a wand of iceblast (5)
 z - a wand of digging (4)
 D - a wand of polymorph (3)
 E - a wand of disintegration (5)
Scrolls
 d - 2 scrolls of identify
 f - 2 scrolls of amnesia
 g - a scroll of fog
 j - 4 scrolls of remove curse
 k - 2 scrolls of magic mapping
 l - a scroll of blinking {unknown}
 m - 2 scrolls of enchant weapon {unknown}
 q - a scroll of fear
 w - a scroll of enchant armour {unknown}
 C - 3 scrolls of brand weapon {unknown}
 F - a scroll of teleportation {unknown}
Potions
 h - a potion of haste
 o - a potion of curing
 t - 2 potions of heal wounds
 x - 2 potions of lignification {unknown}
 A - a potion of might
 B - a potion of cancellation {unknown}
 G - a potion of agility {unknown}


   Skills:
 + Level 5.0 Fighting
 + Level 8.4 Long Blades
 + Level 5.1 Armour
 + Level 5.0 Dodging
 + Level 2.1 Stealth
 + Level 6.0 Shields


You had 8 spell levels left.
You didn't know any spells.
Your spell library was empty.

Dungeon Overview and Level Annotations

Branches:
Dungeon (9/15)             Temple (1/1) D:7            Lair (0/6) D:8
    Orc: D:9-12

Altars:
Ashenzari
Cheibriados
Dithmenos
Elyvilon
Fedhas
Gozag
Hepliaklqana
Kikubaaqudgha
Makhleb
Nemelex Xobeh
Qazlal
Ru
Trog
Uskayaw
Wu Jian
Xom
Yredelemnul
The Shining One


Innate Abilities, Weirdness & Mutations

You do not eat.
Your natural rate of healing is unusually fast.
You have razor-sharp teeth.
You have supernaturally acute eyesight. (SInv)
You can survive without breathing.


Message History

The hornet closely misses you.
You riposte.
You barely miss the hornet.
The hornet is heavily wounded.
The hornet barely misses you.
You barely miss the hornet.
The hornet is heavily wounded.
You block the hornet's attack. The hornet stings you.
* * * LOW HITPOINT WARNING * * *
You feel yourself slow down.
Unknown command.
You hit the hornet.
The hornet is severely wounded.
You feel yourself speed up. The hornet stings you!
* * * LOW HITPOINT WARNING * * *
You are poisoned.
You feel yourself slow down. The hornet barely misses you.
You feel better.
You feel yourself speed up. The hornet stings you!
You die...

#........###### ########
#........#..... #......#
#........#..... #......#
#........'..... #......#
#........#.....
####......#####........######
##.>......h.ha##........#
#.......[.†##y##........######
#..........##@###............#
#.....<....##.#......PP......#
##......)...##.......P..P.....#
###.#'##...>..##....P...P.PP.....
....#.##########...P............#
#####.##########..P..#'##.P.PP..#
#....[...........P...#..#..P....#
#.###.##########..P.P#.>#...P...#
#.....# #...P.####.......#


You could see a hornet, a worker ant and a jackal.

Vanquished Creatures
  A troll (D:7)
  Eustachio (D:4)
  3 porcupines (D:8)
  3 orc warriors
  A phantom (D:5)
  2 ice beasts
  A sky beast (D:6)
  3 ogres
  A centaur (D:5)
  2 bullfrogs (D:8)
  A gnoll sergeant (D:7)
  A water moccasin zombie (D:6)
  3 scorpions (D:4)
  A crimson imp (D:7)
  A bullfrog zombie (D:4)
  A quasit (D:7)
  A centaur skeleton (D:6)
  A bullfrog skeleton (D:5)
  6 hounds
  4 jellies
  3 orc priests
  An orc wizard (D:5)
  Ijyb (D:5)
  An iguana (D:5)
  4 worker ants
  A worker ant zombie (D:8)
  11 adders
  4 gnolls (D:7)
  2 shadow imps
  2 oozes
  A worm (D:2)
  4 dart slugs
  6 leopard geckos
  12 orcs
  5 bats
  13 giant cockroaches
  8 goblins
  10 hobgoblins
  17 jackals
  A quokka (D:5)
  2 ball pythons
  2 frilled lizards
  A jackal skeleton (D:4)
  5 kobolds
  2 leopard gecko skeletons
  A quokka skeleton (D:5)
  10 rats
168 creatures vanquished.

Vanquished Creatures (others)
  2 fungi (D:8)
  A plant (D:8)
3 creatures vanquished.

Grand Total: 171 creatures vanquished

Notes
Turn   | Place    | Note
-------+----------+-------------------------------------------
     0 | D:1      | Peloso the Vampire Fighter began the quest for the Orb.
     0 | D:1      | Reached XP level 1. HP: 17/17 MP: 1/1
   247 | D:1      | Reached XP level 2. HP: 22/23 MP: 2/2
   497 | D:1      | Reached XP level 3. HP: 29/29 MP: 3/3
   872 | D:2      | Reached skill level 3 in Long Blades
   872 | D:2      | Reached XP level 4. HP: 24/35 MP: 4/4
  1158 | D:2      | Found a white marble altar of Elyvilon.
  1326 | D:2      | Found a snail-covered altar of Cheibriados.
  1613 | D:3      | Reached XP level 5. HP: 41/41 MP: 5/5
  1701 | D:3      | Found a faded altar of an unknown god.
  1907 | D:3      | Noticed a moth of wrath
  1910 | D:3      | Found a bloodstained altar of Trog.
  2201 | D:4      | Reached skill level 1 in Dodging
  2208 | D:4      | Noticed an ogre
  2219 | D:4      | Killed an ogre
  2219 | D:4      | Reached skill level 4 in Long Blades
  2219 | D:4      | Reached XP level 6. HP: 28/47 MP: 6/6
  2429 | D:4      | Noticed Eustachio
  2445 | D:4      | Reached skill level 5 in Long Blades
  2445 | D:4      | Reached XP level 7. HP: 27/53 MP: 7/7
  2503 | D:4      | Killed Eustachio
  2784 | D:5      | Entered Level 5 of the Dungeon
  3079 | D:5      | Reached XP level 8. HP: 60/60 MP: 8/8
  3122 | D:5      | Noticed Ijyb
  3144 | D:5      | Killed Ijyb
  3368 | D:5      | Reached skill level 6 in Long Blades
  3622 | D:4      | Found a blossoming altar of Fedhas.
  3673 | D:4      | Reached skill level 5 in Shields
  3800 | D:6      | Reached skill level 1 in Stealth
  3998 | D:6      | Found a burning altar of Makhleb.
  4112 | D:7      | Reached skill level 7 in Long Blades
  4268 | D:7      | Got a crude granite ring
  4269 | D:7      | Identified the ring of Exhibitionism {+Inv Str+3 Int+5
                  | Stlth+} (You found it on level 7 of the Dungeon)
  4440 | D:7      | Reached XP level 9. HP: 56/66 MP: 9/9
  4556 | D:7      | Found a staircase to the Ecumenical Temple.
  4556 | D:7      | Noticed a troll
  4583 | D:7      | Killed a troll
  4612 | Temple   | Entered the Ecumenical Temple
  4737 | D:7      | Reached skill level 8 in Long Blades
  4974 | D:8      | Reached skill level 5 in Armour
  5183 | D:8      | Found a staircase to the Lair.
  5627 | D:8      | Found a blossoming altar of Fedhas.
  5736 | D:8      | Reached skill level 5 in Fighting
  5895 | D:9      | Reached skill level 5 in Dodging
  5942 | D:8      | Paralysed by a hornet for 2 turns
  5952 | D:8      | Slain by a hornet

Levels and vault maps discovered:
D:1:      minmay_arrival_loop, layout_loops_ring, kennysheep_nondescript
D:2:      layout_basic, lemuel_round_altar, cheibriados_altar_1, first_ration
D:3:      layout_rooms, tgw_trog, chequers_ecumenical_altar_simple,
          hangedman_abyss_or_decor_lesser_grid
D:4:      minmay_octagon_keep, layout_loops_cross, kennysheep_mini_moat,
          serial_bayou_ford_a, minivault_1, uniq_eustachio
D:5:      layout_loops_cross, uniq_ijyb
D:6:      layout_gridville, makhleb_heckhound_becter
D:7:      layout_basic, minmay_temple_entry_glass
D:8:      layout_basic, grunt_lair_entry_orc_guard_hut, basic_altar,
          grunt_decor_mini_mirrors
D:9:      minmay_the_grid_triangle_9x9_rhombus_full
          [minmay_the_grid_triangle_9x9_thin_v,
          minmay_the_grid_triangle_9x9_sprig,
          minmay_the_grid_triangle_9x9_sparse_checkered,
          minmay_the_grid_triangle_9x9_subtriangle,
          minmay_the_grid_triangle_9x9_zippers_vertical,
          minmay_the_grid_triangle_9x9_pentomino_pain,
          minmay_the_grid_triangle_9x9_stretched_checkered,
          minmay_the_grid_triangle_9x9_prize_special], layout_stronghold,
          kennysheep_little_box, minmay_overflow_temple_star_quad, basic_altar,
          serial_shops, shop, minivault_25_ag
Temple:   cyrus_circular_temple

Skill      XL: |  1  2  3  4  5  6  7  8  9 |
---------------+----------------------------+-----
Fighting       | 3 4 5 |  5.0
Shields        | 3 4 5 6 |  6.0
Long Blades    | 3 4 5 7 8 |  8.4
Armour         | 3 4 5 |  5.1
Dodging        | 1 3 4 5 |  5.0
Stealth        | 2 |  2.1

Action                   |  1- 3 |  4- 6 |  7- 9 || total
-------------------------+-------+-------+-------++-------
Melee: Long sword        |   116 |   229 |   512 ||   857
       Bite              |     5 |    19 |    63 ||    87
  Use: Scroll            |       |     2 |     6 ||     8
       Potion            |       |     3 |     6 ||     9
Armor: Scale mail        |    40 |   100 |   244 ||   384
       Skin              |       |       |    15 ||    15
Dodge: Dodged            |    34 |    77 |   205 ||   316
Block: Shield            |    59 |   128 |   324 ||   511
       Rpst.: Long sword |     9 |    18 |    58 ||    85
